 Dungeon Crawl Stone Soup version 0.28.0-53-g5a82cb258f (webtiles) character file.

Game seed: 4818282333535848083

801 Stomo the Skirmisher (level 7, -11/56 HPs)
             Began as a Demonspawn Fighter on July 2, 2022.
             Was an Initiate of Qazlal.
             Mangled by a fire elemental (12 damage)
             ... created by the fiery vengeance of Ignis
             ... on level 4 of the Dungeon.
             The game lasted 00:07:11 (3517 turns).

Stomo the Skirmisher (Demonspawn Fighter)           Turns: 3517, Time: 00:07:12

Health: -11/56     AC: 12    Str: 19    XL:     7   Next: 59%
Magic:  8/8        EV: 11    Int:  9    God:    Qazlal [......]
Gold:   171        SH:  0    Dex: 18    Spells: 6/6 levels left

rFire   . . .      SeeInvis .   a - +0 flail
rCold   . . .      Faith    .   (no shield)
rNeg    . . .      Spirit   .   b - +0 scale mail
rPois   .          Reflect  .   (helmet restricted)
rElec   .          Harm     .   (no cloak)
rCorr   .          Rampage  .   (no gloves)
Will    .....                   (no boots)
Stlth   ..........              (no amulet)
HPRegen 0.18/turn               f - +4 ring of protection
MPRegen 0.11/turn               t - +6 ring of dexterity

@: fire susceptible
A: antennae 2, ignite blood 1, sharp scales 1
a: Renounce Religion


You were on level 4 of the Dungeon.
You worshipped Qazlal.
Qazlal was noncommittal.
You visited 1 branch of the dungeon, and saw 4 of its levels.

You collected 171 gold pieces.

Inventory:

Hand Weapons
 a - a +0 flail (weapon)
Missiles
 v - a throwing net (quivered)
Armour
 b - a +0 scale mail (worn)
 c - a +0 buckler
 g - a +0 pair of gloves
Jewellery
 f - a +4 ring of protection (left hand)
 l - a +6 ring of intelligence
 n - a ring of fire
 t - a +6 ring of dexterity (right hand)
Scrolls
 e - a scroll of fear {unknown}
 i - a scroll of teleportation {unknown}
 k - 2 scrolls of identify {unknown}
 m - a scroll of amnesia {unknown}
 o - a scroll of magic mapping {unknown}
 q - a scroll of silence {unknown}
 r - a scroll of blinking {unknown}
 s - a scroll of vulnerability {unknown}
Potions
 d - a potion of might
 h - a potion of berserk rage {unknown}
 j - 2 potions of flight {unknown}
 p - a potion of curing {unknown}
 u - a potion of degeneration {unknown}


   Skills:
 + Level 5.1 Fighting
 + Level 4.1 Maces & Flails
 + Level 4.7 Armour
 + Level 3.6 Dodging
 - Level 2.6 Shields
 * Level 1.5 Invocations


You had 6 spell levels left.
You didn't know any spells.
Your spell library contained the following spells:

 Spells                   Type           Power      Damage    Failure   Level
 Ignite Poison            Fire/Tmut/Pois 0%         N/A       98%         3
 Mephitic Cloud           Conj/Pois/Air  0%         N/A       98%         3
 Freezing Cloud           Conj/Ice/Air   0%         6-21      100%        5


Dungeon Overview and Level Annotations

Branches:
Dungeon (4/15)
 Temple: D:4-7

Altars:
Ashenzari
Qazlal
Sif Muna
Ignis

Shops:
D:1 !(   D:3 (


Innate Abilities, Weirdness & Mutations

You have a pair of antennae on your head.
Your demonic aura sometimes causes spilled blood to erupt in flames.
You are partially covered in razor-sharp scales. (AC +1, Slay +1)


Message History

Unknown command.
You feel very mighty all of a sudden. Blork the orc closely misses you. x2
You thump Blork the orc!
You kill Blork the orc!
Qazlal accepts your kill.
Your Invocations skill increases to level 1!
Things that are here:
a +0 hand axe; a +0 robe; the orc corpse of Blork the orc Magic restored.
You feel a little less mighty now.
Key pressed, stopping explore. "Attack, my last stalwart servants!"
The divine experience confuses you!
You are confused. 2 fire elementals come into view.
There are monsters nearby!
There are monsters nearby!
The fire elemental closely misses you.
You closely miss the fire elemental. The fire elemental hits you.
The fire elemental burns you! The fire elemental barely misses you.
Unknown command.
The fire elemental hits you. The fire elemental burns you!
The fire elemental hits you. The fire elemental burns you!
You feel less confused. The fire elemental hits you.
The fire elemental burns you!
* * * LOW HITPOINT WARNING * * *
The fire elemental misses you. The fire elemental hits you.
The fire elemental burns you!
* * * LOW HITPOINT WARNING * * *
The fire elemental hits you.
* * * LOW HITPOINT WARNING * * *
The fire elemental burns you!
* * * LOW HITPOINT WARNING * * *
There is a stone staircase leading up here.
The fire elemental barely misses you. The fire elemental hits you.
The fire elemental burns you!
* * * LOW HITPOINT WARNING * * *
The fire elemental closely misses you. The fire elemental hits you.
The fire elemental burns you!
You die...

#######################
#.....................#
#.....................#
#...........○°E.......#
#...........○☼E@......#
#...)......○..........#
+#.....................#
..#+#######............#
..# ############## ..#
..# ..# ....


You could see 2 fire elementals.

Vanquished Creatures
  The ghost of ZappyNine the Grave Robber, an amateur FoNe (D:3)
  Sigmund (D:2)
  An ogre (D:2)
  Blork the orc (D:4)
  3 quasits (D:3)
  An orc priest (D:3)
  An orc wizard (D:3)
  Robin (D:2)
  3 gnolls (D:3)
  2 adders
  4 worms (D:2)
  3 dart slugs
  8 orcs (D:3)
  2 endoplasms
  4 giant cockroaches
  12 goblins
  10 hobgoblins
  8 kobolds
  2 quokkas (D:1)
  4 ball pythons
  6 bats
  3 frilled lizards (D:2)
  2 rats
83 creatures vanquished.

Vanquished Creatures (others)
  96 foxfires
96 creatures vanquished.

Grand Total: 179 creatures vanquished

Notes
Turn   | Place    | Note
-------+----------+-------------------------------------------
     0 | D:1      | Stomo the Demonspawn Fighter began the quest for the Orb.
     0 | D:1      | Reached XP level 1. HP: 18/18 MP: 1/1
    63 | D:1      | Found Rucvotzak's Antique Weapon Shoppe.
   127 | D:1      | Gained mutation: You have a pair of small antennae on your
                  | head. [demonic ancestry]
   127 | D:1      | Reached XP level 2. HP: 22/24 MP: 2/2
   261 | D:1      | Found a faded altar of an unknown god.
   353 | D:1      | Found Nummi's Distillery.
   434 | D:1      | Prayed at the altar of an unknown god.
   434 | D:1      | Became a worshipper of Ignis, the Dying Flame
   527 | D:2      | Noticed Sigmund
   972 | D:2      | Noticed an ogre
   977 | D:2      | Reached skill level 1 in Dodging
   980 | D:2      | Killed an ogre
   981 | D:2      | Reached XP level 3. HP: 16/30 MP: 3/3
   981 | D:2      | Gained mutation: Your demonic aura sometimes causes spilled
                  | blood to erupt in flames. [demonic ancestry]
   981 | D:2      | Reached XP level 4. HP: 19/37 MP: 4/4
  1171 | D:2      | Noticed Robin
  1191 | D:2      | Killed Robin
  1199 | D:2      | Gained mutation: You are partially covered in razor-sharp
                  | scales. (AC +1, Slay +1) [demonic ancestry]
  1199 | D:2      | Reached XP level 5. HP: 34/42 MP: 5/5
  1348 | D:2      | Killed Sigmund
  1349 | D:2      | Reached skill level 4 in Fighting
  1349 | D:2      | Reached XP level 6. HP: 38/48 MP: 6/6
  2097 | D:3      | Found a shimmering blue altar of Sif Muna.
  2104 | D:3      | Found a broken altar of Ashenzari.
  2166 | D:3      | Found a transporter.
  2167 | D:3      | Found Socousm's Weapon Shoppe.
  2174 | D:3      | Noticed ZappyNine's ghost (amateur FoNe)
  2185 | D:3      | Found a transporter.
  2507 | D:3      | Found a stormy altar of Qazlal.
  2664 | D:3      | Killed ZappyNine's ghost
  2665 | D:3      | Reached skill level 5 in Fighting
  2665 | D:3      | Gained mutation: You have a pair of antennae on your head.
                  | [demonic ancestry]
  2665 | D:3      | Reached XP level 7. HP: 43/56 MP: 7/7
  2789 | D:3      | Fell from the grace of Ignis
  2789 | D:3      | Became a worshipper of Qazlal Stormbringer
  3321 | D:4      | Noticed Blork the orc
  3344 | D:4      | Killed Blork the orc
  3345 | D:4      | Reached skill level 1 in Invocations
  3504 | D:4      | Noticed a fire elemental
  3504 | D:4      | Noticed a fire elemental
  3517 | D:4      | HP: 1/56 [fire elemental[the fiery vengeance of Ignis] (3)]
  3517 | D:4      | Mangled by a fire elemental

Illustrated notes

Levels and vault maps discovered:
D:1:      psy_arrival_radial01, layout_rooms,
          shapermc_ecumenical_altar_totnotflames, serial_shops, shop, shop
D:2:      minmay_spotlight, layout_basic, kennysheep_generic_room_12,
          uniq_robin, uniq_sigmund
D:3:      layout_basic, overflow_temple_1_default, lemuel_doored_altar,
          mainiacjoe_overflow_brackets, gammafunk_ghost_stat_death,
          serial_shops, nicolae_shop_bloodbath_and_beyond, minmay_crystal_room
D:4:      layout_gridville, nicolae_tso_carved_into_rock,
          mainiacjoe_overflow_tiny_flanked, minmay_temple_entry_wispy,
          grunt_tough_drop, uniq_ijyb, uniq_blork_the_orc

Skill      XL: |  1  2  3  4  5  6  7 |
---------------+----------------------+-----
Maces & Flails | 2 3 4 |  4.1
Armour         | 3 4 |  4.7
Dodging        | 1 2 3 |  3.6
Fighting       | 4 5 |  5.1
Invocations    | 1 |  1.5
Shields        | |  2.6

Action                   |  1- 3 |  4- 6 |  7- 9 || total
-------------------------+-------+-------+-------++-------
Melee: Flail             |    52 |    98 |    25 ||   175
       Punch             |       |     1 |       ||     1
Invok: Fiery Armour      |       |     2 |       ||     2
       Foxfire Swarm     |       |     7 |       ||     7
  Use: Potion            |       |       |     1 ||     1
Armor: Scale mail        |    29 |   110 |    26 ||   165
Dodge: Dodged            |    30 |    88 |    31 ||   149
